 Dungeon Crawl Stone Soup version 0.30-a0-6-g7c9e10e132 (webtiles) character file.

Game seed: 10605070632563017438

3922 greenreed the Grappler (level 10, -13/84 HPs)
             Began as a Ghoul Monk on Aug 22, 2022.
             Was an Elder of Makhleb.
             Killed from afar by an acid dragon (21 damage)
             ... with a splash of acid
             ... on level 8 of the Dungeon.
             The game lasted 00:22:26 (8685 turns).

greenreed the Grappler (Ghoul Monk)                 Turns: 8685, Time: 00:22:27

Health: -13/84     AC:  5    Str: 20    XL:     10   Next: 20%
Magic:  15/15      EV: 12    Int: 10    God:    Makhleb [****..]
Gold:   438        SH:  0    Dex: 11    Spells: 9/9 levels left

rFire   . . .      SeeInvis .      - Unarmed
rCold   + . .      Faith    .    (no shield)
rNeg    + + +      Spirit   .    i - +1 ring mail of the Sun {Will+ Int+5}
rPois   ∞          Reflect  .    z - +0 helmet
rElec   .          Harm     .    (no cloak)
rCorr   .          Rampage  .    d - +0 pair of gloves
Will    +....                    (no boots)
Stlth   +.........               f - amulet of the acrobat
HPRegen 0.00/turn                (no ring)
MPRegen 0.14/turn                (no ring)

@: corroded, inhibited regen
A: claws 1, cold resistance 1, negative energy resistance 3, inhibited
regeneration, torment resistance 2, devour on kill
a: Renounce Religion, Minor Destruction, Lesser Servant of Makhleb, Major
Destruction


You were on level 8 of the Dungeon.
You worshipped Makhleb.
Makhleb was greatly pleased with you.
You visited 2 branches of the dungeon, and saw 9 of its levels.

You collected 466 gold pieces.
You spent 28 gold pieces at shops.

Inventory:

Hand Weapons
 u - the +7 hand axe "Hydraslayer" {flame, rElec rF+ Dex+3 SInv}
   (You found it on level 4 of the Dungeon)

   It burns those it strikes, dealing additional fire damage.
   Big, fiery blades are also staple armaments of hydra-hunters.
   Dex:       It affects your dexterity (+3).
   rF:        It protects you from fire.
   rElec:     It insulates you from electricity.
   SInv:      It lets you see invisible.
Missiles
 p - 21 poisoned darts
 A - a throwing net
Armour
 a - a +0 robe
 d - a +0 pair of gloves (worn)
 i - the +1 ring mail of the Sun (worn) {Will+ Int+5}
   (You found it on level 2 of the Dungeon)

   Int:       It affects your intelligence (+5).
   Will:      It increases your willpower.
 r - the +1 scale mail of the Aged Beds {rC+}
   (You found it on level 4 of the Dungeon)

   rC:        It protects you from cold.
 z - a +0 helmet (worn)
Jewellery
 f - an amulet of the acrobat (around neck)
 h - an amulet of regeneration
Wands
 l - a wand of flame (14)
 C - a wand of mindburst (17)
 G - a wand of charming (30)
Scrolls
 b - a scroll of identify
 e - 6 scrolls of teleportation {unknown}
 k - a scroll of amnesia {unknown}
 m - 3 scrolls of fog {unknown}
 n - 3 scrolls of poison {unknown}
 q - 2 scrolls of blinking {unknown}
 t - 4 scrolls of vulnerability {unknown}
 v - a scroll of fear {unknown}
 x - 4 scrolls of enchant armour {unknown}
 y - a scroll of torment {unknown}
 H - a scroll of brand weapon {unknown}
Potions
 c - 3 potions of flight
 j - 3 potions of degeneration {unknown}
 o - a potion of might {unknown}
 s - a potion of resistance {unknown}
 B - a potion of berserk rage {unknown}
 D - 2 potions of lignification {unknown}
 E - 2 potions of invisibility {unknown}
 F - a potion of mutation {unknown}


   Skills:
 * Level 6.4 Fighting
 + Level 0.9 Axes
 + Level 4.0 Armour
 + Level 4.8 Dodging
 + Level 3.2 Stealth
 * Level 9.9 Unarmed Combat
 * Level 8.6 Invocations


You had 9 spell levels left.
You didn't know any spells.
Your spell library contained the following spells:

 Spells                   Type           Power      Damage    Failure   Level
 Foxfire                  Conj/Fire      0%         2x1d4     52%         1
 Ensorcelled Hibernation  Hex/Ice        0%         N/A       67%         2
 Static Discharge         Conj/Air       0%         3-3/arc   67%         2
 Conjure Flame            Conj/Fire      0%         6-21      88%         3
 Frozen Ramparts          Ice            0%         1d1       88%         3
 Ignite Poison            Fire/Tmut/Pois 0%         N/A       88%         3
 Inner Flame              Hex/Fire       0%         N/A       88%         3
 Anguish                  Hex/Necr       0%         N/A       99%         4
 Flame Wave               Conj/Fire      0%         2d4       99%         4
 Sticky Flame             Conj/Fire      0%         2d3       99%         4
 Irradiate                Conj/Tmut      0%         3d11      100%        5
 Ozocubu's Refrigeration  Ice            0%         4d7       100%        7
 Spider Form              Tmut/Pois      Unusable   N/A       N/A         3
 Blade Hands              Tmut           Unusable   N/A       N/A         5
 Dragon Form              Tmut           Unusable   N/A       N/A         7

Dungeon Overview and Level Annotations

Branches:
Dungeon (8/15)             Temple (1/1) D:4
   Lair: D:8-11

Altars:
Ashenzari
Cheibriados
Dithmenos
Fedhas
Gozag
Hepliaklqana
Kikubaaqudgha
Makhleb
Nemelex Xobeh
Okawaru
Qazlal
Ru
Sif Muna
Uskayaw
Vehumet
Wu Jian
Xom
Yredelemnul

Shops:
D:4 :*[=   D:6 *

Annotations:
D:8 1 runed translucent door


Innate Abilities, Weirdness & Mutations

You are immune to poison.
You have sharp fingernails.
Your flesh is cold resistant. (rC+)
You are immune to negative energy. (rN+++)
You do not regenerate when monsters are visible.
You are immune to unholy pain and torment.
You thrive by killing the living.


Message History

You see here a potion of brilliance.
The glob of acid misses the acid dragon.
The puff of flame hits the acid dragon!
The acid dragon is moderately wounded.
The acid dragon spits acid at you. The splash of acid hits you!!
The stone arrow misses the acid dragon.
The acid dragon spits acid at you. The splash of acid hits you!!
You are too injured to fight recklessly!
An acid dragon is nearby!
You punch the acid dragon!
The acid dragon is heavily wounded.
The acid dragon spits acid at you. The splash of acid hits you!!
* * * LOW HITPOINT WARNING * * *
The acid corrodes you!
You feel much better. The acid dragon bites you!
* * * LOW HITPOINT WARNING * * *
The acid dragon closely misses you.
You barely miss the acid dragon.
The acid dragon is heavily wounded.
The acid dragon closely misses you. x2
You closely miss the acid dragon.
The acid dragon is heavily wounded.
The acid dragon bites you.
* * * LOW HITPOINT WARNING * * *
The acid dragon claws you.
* * * LOW HITPOINT WARNING * * *
You hit the acid dragon.
The acid dragon is severely wounded.
You hit the acid dragon.
The acid dragon is severely wounded.
The acid dragon misses you. The acid dragon claws you.
* * * LOW HITPOINT WARNING * * *
You hit the acid dragon.
The acid dragon is almost dead.
The acid dragon spits acid at you. The splash of acid hits you!!
You die...

(..)..........##'########
####.##.#.....#.........#
.....##.##+#..'.........#
.#...##....####.........#
..>#...^...####.........#
.#.#.###...#....!.......#
.#)........#.##.........#
.#.....#......#.........#
..))..........#.@.......#
..<...#..#..#...D.......
............<...........
....###..#.#.......#####
###.# ##.#.+.......#
#3#.# #.###.......# #+#.#
#.. ........# ....#
#...........# #####
.....#####


You could see an acid dragon (catching breath).

Vanquished Creatures
  Psyche (D:8)
  Eustachio (D:6)
  Grum (D:8)
  A steam dragon (D:7)
  2 water moccasins
  A black bear (D:6)
  An orc warrior (D:7)
  A sky beast (D:8)
  3 ice beasts
  4 wolves
  3 ogres
  2 centaurs
  2 phantoms (D:5)
  3 kobold brigands
  3 scorpions (D:5)
  2 wights
  4 jellies
  2 gnoll boudas
  4 orc priests
  3 hounds
  4 iguanas
  5 orc wizards
  Natasha (thrice) (D:2)
  14 gnolls
  7 adders
  A shadow imp (D:6)
  3 white imps
  3 dart slugs
  19 orcs
  9 endoplasms
  3 giant cockroaches (D:2)
  7 goblins
  4 hobgoblins
  16 jackals
  14 kobolds
  4 ball pythons
  6 bats
  2 frilled lizards
  12 rats
180 creatures vanquished.

Vanquished Creatures (collateral kills)
  A gnoll bouda (D:7)
  A gnoll (D:7)
2 creatures vanquished.

Vanquished Creatures (others)
  A howler monkey (D:8)
1 creature vanquished.

Grand Total: 183 creatures vanquished

Notes
Turn   | Place    | Note
-------+----------+-------------------------------------------
     0 | D:1      | greenreed the Ghoul Monk began the quest for the Orb.
     0 | D:1      | Reached XP level 1. HP: 19/19 MP: 0/0
   299 | D:1      | Reached XP level 2. HP: 25/26 MP: 1/1
   964 | D:1      | Reached XP level 3. HP: 31/31 MP: 2/2
  1385 | D:1      | Reached skill level 4 in Unarmed Combat
  1620 | D:2      | Noticed Natasha
  1632 | D:2      | Identified the +1 ring mail of the Sun {Will+ Int+5}
  1642 | D:2      | Killed Natasha
  1643 | D:2      | Reached XP level 4. HP: 24/38 MP: 3/3
  1656 | D:2      | Noticed Natasha
  1671 | D:2      | Killed Natasha
  1899 | D:2      | Noticed Natasha
  1913 | D:2      | Killed Natasha
  1914 | D:2      | Reached XP level 5. HP: 32/45 MP: 4/4
  1952 | D:2      | Reached skill level 5 in Unarmed Combat
  2194 | D:3      | Found a radiant altar of Vehumet.
  2533 | D:3      | Found a stormy altar of Qazlal.
  2707 | D:3      | Reached skill level 1 in Armour
  2998 | D:4      | Found Sysysau's Jewellery Shoppe.
  3000 | D:4      | Found Emaoned's General Store.
  3002 | D:4      | Found Filo's Antique Armour Shoppe.
  3004 | D:4      | Found Nojycvu's Book Shoppe.
  3020 | D:4      | Reached XP level 6. HP: 50/52 MP: 5/5
  3030 | D:4      | Bought a scroll of identify for 28 gold pieces
  3440 | D:4      | Found a staircase to the Ecumenical Temple.
  3452 | Temple   | Entered the Ecumenical Temple
  3516 | Temple   | Became a worshipper of Makhleb the Destroyer
  3516 | Temple   | Reached * piety under Makhleb
  3516 | Temple   | Reached ** piety under Makhleb
  3565 | D:4      | Identified the +1 scale mail of the Aged Beds {rC+}
  3651 | D:4      | Reached skill level 6 in Unarmed Combat
  3753 | D:4      | Reached skill level 1 in Invocations
  3753 | D:4      | Reached XP level 7. HP: 59/59 MP: 6/6
  3827 | D:4      | Identified the +7 hand axe "Hydraslayer" {flame, rElec rF+
                  | Dex+3 SInv}
  4389 | D:5      | Entered Level 5 of the Dungeon
  5023 | D:5      | Reached XP level 8. HP: 55/67 MP: 9/9
  5037 | D:5      | Reached skill level 7 in Unarmed Combat
  5382 | D:6      | Found an ancient bone altar of Kikubaaqudgha.
  5432 | D:6      | Found Lueshruwa's Gadget Gallery.
  5457 | D:6      | Reached skill level 5 in Fighting
  5457 | D:6      | Reached skill level 5 in Invocations
  5603 | D:6      | Noticed Eustachio
  5605 | D:6      | Reached *** piety under Makhleb
  5788 | D:6      | Killed Eustachio
  5789 | D:6      | Reached skill level 8 in Unarmed Combat
  5816 | D:6      | Reached XP level 9. HP: 73/74 MP: 12/12
  5847 | D:6      | Got Sif Muna's Disquisition on Damaging Ice
  5859 | D:6      | Found a shadowy altar of Dithmenos.
  7022 | D:7      | Found a sparkling altar of Nemelex Xobeh.
  7315 | D:7      | Reached skill level 9 in Unarmed Combat
  7632 | D:8      | Found a runed translucent door.
  7637 | D:8      | Noticed a sixfirhy
  7653 | D:8      | Noticed Grum
  7677 | D:8      | HP: 3/75 [wolf[Grum] (3)]
  7691 | D:7      | HP: 2/75 [wolf[Grum] (2)]
  8104 | D:8      | Noticed Psyche
  8134 | D:8      | Killed Psyche
  8142 | D:8      | Reached XP level 10. HP: 54/83 MP: 15/15
  8278 | D:8      | Killed Grum
  8371 | D:8      | Reached **** piety under Makhleb
  8679 | D:8      | HP: 2/84 [acid dragon/splash of acid (26)]
  8685 | D:8      | Killed from afar by an acid dragon

Illustrated notes

Levels and vault maps discovered:
D:1:      minmay_arrival_widening_spiral_narrow, layout_basic,
          minmay_stone_trees_large, minmay_rat_gold_closets
D:2:      layout_rooms, uniq_natasha
D:3:      layout_loops_corners, mainiacjoe_overflow_large_starburst,
          vehumet_altar_wand_db
D:4:      layout_cave_pods, minmay_temple_entry_ruins, minmay_shop_grid_forest,
          minmay_door_square
D:5:      layout_basic, grunt_tough_drop
D:6:      layout_basic, kiku_gazebo_pond_becter, nicolae_overflow_crystal_walls,
          nicolae_shop_gadgets, uniq_eustachio
D:7:      layout_gridville, lemuel_crystal_altar,
          mainiacjoe_overflow_cross_hatched, hangedman_abyss_or_decor_stabs
D:8:      cheibrodos_shockbox, layout_basic, trog_antimagical, serial_shops,
          nicolae_shop_hallway_plus, abandoned_shop, minmay_misc_feat_roman,
          uniq_prince_ribbit1, uniq_psyche, uniq_grum
Temple:   eino_temple_lava

Skill      XL: |  1  2  3  4  5  6  7  8  9 10 |
---------------+-------------------------------+-----
Dodging        | 3 4 |  4.8
Unarmed Combat | 4 5 6 8 9 |  9.9
Armour         | 1 2 3 4 |  4.0
Stealth        | 3 |  3.2
Fighting       | 4 5 6 |  6.4
Invocations    | 1 3 6 8 |  8.6
Axes           | |  0.9

Action                   |  1- 3 |  4- 6 |  7- 9 | 10-12 || total
-------------------------+-------+-------+-------+-------++-------
Melee: Unarmed           |   128 |   197 |   255 |    56 ||   636
       Punch             |     2 |     6 |     8 |     2 ||    18
       Hand axe          |       |       |    20 |     6 ||    26
Invok: Minor Destruction |       |     9 |   116 |     3 ||   128
       Lesser Servant of |       |       |     1 |       ||     1
  Use: Scroll            |       |     2 |       |       ||     2
       Potion            |       |       |     5 |     1 ||     6
 Stab: Sleeping          |     7 |     1 |     1 |       ||     9
Armor: Robe              |    25 |       |       |       ||    25
       Ring mail         |       |    65 |    96 |    18 ||   179
Dodge: Dodged            |    65 |    91 |   212 |    38 ||   406

Table legend: (Time is in decaauts)
 A = Elapsed time spent in this place.
 B = Non-inter-level travel time spent in this place.
 C = Inter-level travel time spent in this place.
 D = Time resting spent in this place.
 E = Time spent auto-exploring this place.
 F = Levels seen in this place.
 G = Mean time per level.
                   A        B        C        D        E       F      G
               +--------+--------+--------+--------+--------+-----+--------+
         Total |   8614 |   8389 |    225 |    706 |   5967 |   9 |  957.1 |
       Dungeon |   8540 |   8328 |    212 |    706 |   5916 |   8 | 1067.5 |
        Temple |     73 |     60 |     13 |      0 |     51 |   1 |   73.0 |
               +--------+--------+--------+--------+--------+-----+--------+

Top non-repeatable levels by time:
     D:1: 1527 daAuts
     D:7: 1359 daAuts
     D:5: 1335 daAuts
     D:4: 1287 daAuts
     D:3: 884 daAuts
     D:6: 830 daAuts
     D:8: 728 daAuts
     D:2: 586 daAuts
  Temple: 73 daAuts
